 Dungeon Crawl Stone Soup version 0.19.5 (webtiles) character file.

17678 vortex the Destroyer (level 12, -10/73 HPs)
             Began as a Gargoyle Wizard on Feb 28, 2017.
             Was a High Priest of Vehumet.
             Mangled by a white ugly thing (34 damage)
             ... on level 13 of the Dungeon on Mar 4, 2017.
             The game lasted 01:01:11 (16470 turns).

vortex the Destroyer (Gargoyle Wizard)             Turns: 16470, Time: 01:01:12

Health: -10/73     AC: 20    Str: 13    XL:     12   Next: 50%
Magic:  6/25       EV: 12    Int: 31    God:    Vehumet [*****.]
Gold:   547        SH:  4    Dex:  8    Spells: 8 memorised, 3 levels left

rFire  + . .     SeeInvis .     r - staff of conjuration
rCold  x . .     Gourm    .     x - +4 robe of Eternal Vigilance {-Tele Int+6}
rNeg   + . .     Faith    .     A - +0 buckler
rPois  ∞         Spirit   .     y - +1 helmet
rElec  +         Reflect  .     L - +2 cloak {rPois}
rCorr  .         Harm     .     z - +0 pair of gloves
MR     .....     NoTele   +     (no boots)
Stlth  ++........               i - amulet of magic regeneration
                                b - +3 ring of strength
                                a - ring of fire

@: no status effects
A: negative energy resistance 1, electricity resistance, unbreathing,
petrification resistance, rot immunity, AC +8
a: Renounce Religion


You were on level 13 of the Dungeon.
You worshipped Vehumet.
Vehumet was extremely pleased with you.
You were hungry.

You visited 1 branch of the dungeon, and saw 13 of its levels.
You also visited: Sewer.

You collected 547 gold pieces.

Inventory:

Missiles
 e - 5 tomahawks (quivered)
Armour
 x - the +4 robe of Eternal Vigilance (worn) {-Tele Int+6}
   (You found it on level 4 of the Dungeon)

   It affects your intelligence (+6).
   It prevents most forms of teleportation.
 y - a +1 helmet (worn)
 z - a +0 pair of gloves (worn)
 A - a +0 buckler (worn)
 L - a +2 cloak of poison resistance (worn)
Magical Staves
 r - an uncursed staff of conjuration (weapon)
Jewellery
 a - a ring of fire (left hand)
 b - a +3 ring of strength (right hand)
 i - an amulet of magic regeneration (around neck)
Wands
 R - a wand of iceblast (10/15)
Scrolls
 f - a scroll of blinking
 h - 3 scrolls of enchant armour
 j - a scroll of identify
 p - 2 scrolls of magic mapping
 q - 4 scrolls of recharging
 w - a scroll of amnesia
 O - 2 scrolls of remove curse
 P - a scroll of fog
Potions
 l - 5 potions of magic
 m - 3 potions of might {unknown}
 n - 6 potions of curing
 u - a potion of cancellation {unknown}
 v - 2 potions of lignification {unknown}
 B - 2 potions of brilliance {unknown}
 C - a potion of agility {unknown}
 D - 3 potions of haste {unknown}
 E - a potion of ambrosia {unknown}
 G - a potion of berserk rage
 I - a potion of invisibility {unknown}
 J - a potion of flight {unknown}
 M - 2 potions of beneficial mutation {unknown}
 Q - 2 potions of heal wounds {unknown}
Comestibles
 d - 10 bread rations
 g - 2 slices of pizza
 o - 16 fruits
 s - 3 beef jerkies
 t - 4 meat rations


   Skills:
 + Level 8.1 Fighting
 - Level 1.5 Dodging
 - Level 2.1 Stealth
 - Level 5.4 Shields
 * Level 9.7 Spellcasting
 * Level 11.2 Conjurations
 - Level 3.6 Charms
   Level 0.8 Summonings
 - Level 1.8 Translocations
 * Level 8.3 Fire Magic
 + Level 3.1 Ice Magic
 - Level 3.6 Earth Magic
 - Level 2.4 Evocations


You had 3 spell levels left.
You knew the following spells:

 Your Spells              Type           Power        Failure   Level  Hunger
a - Flame Tongue          Conj/Fire      #####        1%          1    None
b - Conjure Flame         Conj/Fire      ########     1%          3    None
c - Bolt of Cold          Conj/Ice       ######....   8%          6    #####..
e - Iskenderun's Mystic   Conj           #######.     1%          4    None
i - Iron Shot             Conj/Erth      ######....   8%          6    #####..
m - Mephitic Cloud        Conj/Pois/Air  ######..     1%          3    None
x - Blink                 Tloc           N/A          2%          2    None
y - Repel Missiles        Chrm/Air       ####..       2%          2    None


Dungeon Overview and Level Annotations

Branches:
Dungeon (13/15)            Temple (0/1) D:5            Lair (0/6) D:9
    Orc (0/2) D:9
 Vaults: D:13-14

Altars:
Dithmenos
Gozag
Makhleb
Nemelex Xobeh
Okawaru
Qazlal
Trog
Uskayaw
Vehumet
Xom
Yredelemnul

Shops:
D:5 (   D:6 [   D:7 [   D:9 }

Annotations:
D:10 need fly
D:12 need dig/disintegrate AND fly


Innate Abilities, Weirdness & Mutations

You are resistant to torment.
Your stone body is resilient. (AC +8)
You are immune to poison.
You resist negative energy. (rN+)
You are resistant to electric shocks. (rElec)
You can survive without breathing.
You are immune to petrification.
You are immune to rotting.


Message History

Aim: an orc warrior, wielding a trident and wearing a plate armour (moderately wounded)
You feel a surge of power!
The orb of energy hits the white ugly thing.
The white ugly thing is severely wounded.
The orb of energy explodes!
The white ugly thing stings you. The white ugly thing freezes you!!!
You feel a terrible chill!
Ouch! That really hurt!
Casting: Iskenderun's Mystic Blast
Confirm with . or Enter, or press ? or * to list all spells.
Aiming: Iskenderun's Mystic Blast
Press: ? - help, Shift-Dir - straight line, f/p - orc warrior
Aim: an orc warrior, wielding a trident and wearing a plate armour (moderately wounded)
You feel a surge of power!
The orb of energy hits the white ugly thing.
The white ugly thing is almost dead.
The orb of energy explodes!
The mystic blast hits the orc warrior.
The orc warrior is moderately wounded.
The white ugly thing stings you! The white ugly thing freezes you!!
You feel a terrible chill!
You die...

#.......#......#
#.......#......#
#.......#......#
#.......#......#
##'###..'......#
#....#.<#......#
#....#..#......#
#....#..#......#
#@...#..#......#
#u...#..#.)....#
.o...#..#......#
......#..#......#
...#####.:# ...G
..... ......


You could see a white ugly thing, an eye of draining and an orc warrior.

Vanquished Creatures
  The ghost of UltraMegaBob the Peltast, a journeyman GrFi of Trog (D:12)
  A hydra (D:11)
  An unseen horror (D:12)
  Pikel (D:9)
  2 hill giants
  2 ugly things
  2 cyclopes
  A manticore (D:11)
  Psyche (D:8)
  2 kobold demonologists
  A komodo dragon (D:9)
  4 trolls
  Prince Ribbit (D:8)
  4 hippogriffs
  4 slime creatures
  A two-headed ogre (D:8)
  The ghost of notsosimplebreeze the Slasher, an amateur TeBe of Fedhas (D:4)
  Sigmund (D:3)
  A spriggan (D:7)
  5 yaks (D:9)
  3 wyverns
  Edmund (D:4)
  A soldier ant (D:12)
  A water moccasin (D:9)
  4 ice beasts
  4 orc warriors
  A slave (D:9)
  9 ogres
  3 sky beasts
  2 phantoms
  A necrophage (D:7)
  7 centaurs
  A crocodile (D:12)
  4 big kobolds
  6 bullfrogs
  A wyvern skeleton (D:11)
  A water moccasin skeleton (D:8)
  5 scorpions
  13 killer bees
  A howler monkey (D:11)
  8 electric eels (D:12)
  3 bullfrog zombies
  4 crimson imps
  6 jellies
  8 orc wizards
  Crazy Yiuf (D:6)
  8 orc priests
  3 centaur skeletons
  3 hounds
  3 iguanas
  15 worker ants
  A killer bee zombie (D:10)
  A hound skeleton (D:5)
  Robin (D:3)
  A worker ant zombie (D:9)
  8 gnolls
  15 adders
  5 shadow imps
  21 oozes
  An adder zombie (D:9)
  3 worms
  A dart slug (D:2)
  7 leopard geckos
  25 orcs
  8 bats
  8 giant cockroaches
  8 hobgoblins
  13 jackals
  5 quokkas
  6 ball pythons
  13 frilled lizards
  16 goblins
  A jackal skeleton (D:5)
  16 kobolds
  9 rats
361 creatures vanquished.

Vanquished Creatures (others)
  2 slaves (D:9)
  3 fungi (D:10)
  19 plants (D:9)
24 creatures vanquished.

Grand Total: 385 creatures vanquished

Notes
Turn   | Place    | Note
-------+----------+-------------------------------------------
     0 | D:1      | vortex the Gargoyle Wizard began the quest for the Orb.
     0 | D:1      | Reached XP level 1. HP: 10/10 MP: 4/4
   302 | D:1      | Reached XP level 2. HP: 15/15 MP: 0/6
   358 | D:1      | Learned a level 2 spell: Blink
   361 | D:1      | Learned a level 2 spell: Repel Missiles
   906 | D:1      | Reached skill level 2 in Conjurations
  1126 | D:2      | Reached XP level 3. HP: 20/20 MP: 0/8
  1131 | D:2      | Learned a level 3 spell: Mephitic Cloud
  1202 | D:2      | Reached skill level 1 in Fighting
  1215 | D:2      | Found a burning altar of Makhleb.
  1296 | D:2      | Found a radiant altar of Vehumet.
  1346 | D:2      | Became a worshipper of Vehumet
  1803 | D:2      | Reached XP level 4. HP: 25/25 MP: 0/9
  2454 | D:3      | Found a basalt altar of Yredelemnul.
  2653 | D:2      | Reached skill level 3 in Conjurations
  2996 | D:3      | Reached XP level 5. HP: 30/30 MP: 8/11
  3001 | D:3      | Learned a level 3 spell: Conjure Flame
  3355 | D:3      | Noticed Sigmund
  3544 | D:3      | Killed Sigmund
  3544 | D:3      | Reached skill level 4 in Conjurations
  3544 | D:3      | Reached skill level 1 in Fire Magic
  3544 | D:3      | Reached XP level 6. HP: 36/36 MP: 0/13
  3752 | D:3      | Noticed Robin
  3787 | D:3      | Killed Robin
  3797 | D:3      | Reached * piety under Vehumet
  3797 | D:3      | Offered knowledge of Sandblast by Vehumet.
  3993 | D:3      | Upgraded the game from 0.19.4-25-g1b72edd to 0.19.5
  3998 | D:4      | Noticed Edmund
  4284 | D:4      | Noticed notsosimplebreeze's ghost (amateur TeBe)
  4315 | D:4      | Killed notsosimplebreeze's ghost
  4315 | D:4      | Reached skill level 5 in Spellcasting
  4315 | D:4      | Reached skill level 1 in Translocations
  4315 | D:4      | Reached XP level 7. HP: 18/41 MP: 0/14
  4635 | D:4      | Reached skill level 5 in Conjurations
  4635 | D:4      | Reached skill level 1 in Charms
  5124 | D:4      | Reached XP level 8. HP: 47/47 MP: 6/16
  5207 | D:4      | Got a dull robe
  5208 | D:4      | Identified the +4 robe of Eternal Vigilance {-Tele Int+6} (You found it on level 4 of the Dungeon)
  5488 | D:4      | Killed Edmund
  5649 | D:5      | Entered Level 5 of the Dungeon
  5921 | D:5      | Found a glowing drain.
  5944 | Sewer    | Entered a sewer
  6125 | Sewer    | Reached ** piety under Vehumet
  6125 | Sewer    | Offered knowledge of Flame Tongue by Vehumet.
  6128 | Sewer    | Learned a level 1 spell: Flame Tongue
  6678 | D:5      | Found a staircase to the Ecumenical Temple.
  6730 | D:5      | Reached skill level 1 in Shields
  6730 | D:5      | Reached skill level 6 in Conjurations
  7155 | D:5      | Found Ady Siom's Antique Weapon Shop.
  7348 | D:5      | Offered knowledge of Dazzling Spray by Vehumet.
  7733 | D:6      | Reached XP level 9. HP: 52/52 MP: 11/18
  7941 | D:6      | Found a runed door.
  7945 | D:6      | Noticed Crazy Yiuf
  7953 | D:6      | Killed Crazy Yiuf
  8195 | D:6      | Found a shadowy altar of Dithmenos.
  8393 | D:6      | Found Obautoul's Antique Armour Shoppe.
  8915 | D:7      | Reached skill level 7 in Conjurations
  9046 | D:7      | Reached skill level 5 in Fighting
  9079 | D:7      | Found Cagistrue's Armour Shop.
  9252 | D:7      | Reached *** piety under Vehumet
 10421 | D:8      | Found an opulent altar of Gozag.
 10439 | D:8      | Noticed Psyche
 10447 | D:8      | Killed Psyche
 10447 | D:8      | Reached skill level 5 in Shields
 10447 | D:8      | Reached XP level 10. HP: 59/59 MP: 4/20
 10450 | D:8      | Noticed Prince Ribbit
 10468 | D:8      | Killed Prince Ribbit
 10543 | D:8      | Reached skill level 8 in Conjurations
 10560 | D:8      | Learned a level 6 spell: Iron Shot
 10570 | D:8      | Learned a level 4 spell: Iskenderun's Mystic Blast
 10772 | D:8      | Found a sparkling altar of Nemelex Xobeh.
 11174 | D:8      | Reached skill level 1 in Earth Magic
 11644 | D:9      | Offered knowledge of Airstrike by Vehumet.
 11662 | D:9      | Noticed Pikel
 11666 | D:9      | Killed Pikel
 11666 | D:9      | Reached skill level 5 in Fire Magic
 11726 | D:9      | Found Ralad's Gadget Shop.
 11800 | D:9      | Found a bloodstained altar of Trog.
 11804 | D:9      | Found a hide-covered altar of Uskayaw.
 11851 | D:9      | Reached skill level 9 in Conjurations
 11851 | D:9      | Reached skill level 1 in Evocations
 11929 | D:9      | Found a staircase to the Lair.
 12140 | D:9      | Reached XP level 11. HP: 53/66 MP: 13/23
 12227 | D:9      | Found a stormy altar of Qazlal.
 12228 | D:9      | Found an iron altar of Okawaru.
 12342 | D:9      | Noticed a cyclops
 12348 | D:9      | Killed a cyclops
 12355 | D:9      | Reached **** piety under Vehumet
 12461 | D:9      | Found a staircase to the Orcish Mines.
 12735 | D:9      | Offered knowledge of Olgreb's Toxic Radiance by Vehumet.
 12999 | D:10     | Entered Level 10 of the Dungeon
 13365 | D:10     | Reached ***** piety under Vehumet
 13365 | D:10     | Offered knowledge of Bolt of Cold by Vehumet.
 13375 | D:10     | Learned a level 6 spell: Bolt of Cold
 13776 | D:11     | Noticed a manticore
 13779 | D:11     | Killed a manticore
 13844 | D:11     | Reached skill level 10 in Conjurations
 13973 | D:11     | Noticed a four-headed hydra
 13977 | D:11     | Killed a four-headed hydra
 13977 | D:11     | Reached skill level 1 in Ice Magic
 14117 | D:11     | Noticed a cyclops
 14161 | D:11     | Killed a cyclops
 14331 | D:11     | Noticed a hill giant
 14336 | D:11     | Killed a hill giant
 14529 | D:11     | Noticed a cyan ugly thing
 14533 | D:11     | Killed a cyan ugly thing
 14982 | D:12     | Reached XP level 12. HP: 72/72 MP: 21/25
 15011 | D:12     | Found a shimmering altar of Xom.
 15011 | D:12     | Found a shimmering altar of Xom.
 15011 | D:12     | Found a shimmering altar of Xom.
 15012 | D:12     | Found a shimmering altar of Xom.
 15108 | D:12     | Noticed UltraMegaBob's ghost (journeyman GrFi)
 15117 | D:12     | Killed UltraMegaBob's ghost
 15313 | D:12     | Found a shimmering altar of Xom.
 15316 | D:12     | Found a shimmering altar of Xom.
 15316 | D:12     | Found a shimmering altar of Xom.
 15693 | D:12     | Reached skill level 11 in Conjurations
 15907 | D:12     | Noticed a satyr
 16365 | D:12     | Noticed a ghost crab
 16470 | D:13     | Mangled by a white ugly thing

Skill      XL: |  1  2  3  4  5  6  7  8  9 10 11 12 |
---------------+-------------------------------------+-----
Conjurations   | 2 3 4 5 6 7 9 10 11 | 11.2
Fighting       | 1 2 3 4 5 6 7 8 |  8.1
Spellcasting   | 4 5 6 7 8 9 |  9.7
Fire Magic     | 1 2 3 4 5 7 8 |  8.3
Translocations | 1 |  1.8
Charms         | 1 2 3 |  3.6
Shields        | 2 5 |  5.4
Earth Magic    | 2 3 |  3.6
Evocations     | 1 2 |  2.4
Ice Magic      | 1 3 |  3.1
Dodging        | |  1.5
Stealth        | |  2.1
Summonings     | |  0.8

Action                   |  1- 3 |  4- 6 |  7- 9 | 10-12 || total
-------------------------+-------+-------+-------+-------++-------
Melee: Mace              |    18 |       |       |       ||    18
       Staff             |       |    49 |     7 |    35 ||    91
Throw: Tomahawk          |       |     5 |     3 |     4 ||    12
 Cast: Magic Dart        |   101 |   166 |   147 |     3 ||   417
       Mephitic Cloud    |       |     3 |    18 |    13 ||    34
       Conjure Flame     |       |     2 |    10 |    10 ||    22
       Flame Tongue      |       |       |   210 |   167 ||   377
       Repel Missiles    |       |       |     2 |       ||     2
       Iskenderun's Myst |       |       |       |   207 ||   207
Evoke: Wand              |       |       |       |    15 ||    15
  Use: Scroll            |       |     3 |    12 |     4 ||    19
 Stab: Confused          |       |       |       |     1 ||     1
  Eat: Chunk             |     3 |     8 |    17 |    17 ||    45
       Beef jerky        |       |       |     1 |       ||     1
       Royal jelly       |       |       |       |     1 ||     1
Armor: Robe              |    14 |    34 |    23 |    65 ||   136
Dodge: Dodged            |    29 |    58 |    34 |    60 ||   181
       Deflected         |       |       |     3 |     1 ||     4
Block: Buckler           |       |       |       |    16 ||    16
